 Dungeon Crawl Stone Soup version 0.31-b1-20-g67cafac56d (webtiles) character file.

Game seed: 11138363106273891177

3639 booth the Zephyrmancer (level 9, -5/139 HPs)
             Began as a White Draconian Air Elementalist on Jan 17, 2024.
             Was a Follower of Vehumet.
             Slain by a manticore (9 damage)
             ... on level 7 of the Dungeon.
             The game lasted 01:19:49 (9976 turns).

booth the Zephyrmancer (DrAE)                       Turns: 9976, Time: 01:19:49

Health: -5/139     AC: 24    Str: 12    XL:     9   Next: 87%
Magic:  3/18       EV:  2    Int: 25    God:    Vehumet [*.....]
Gold:   395        SH:  0    Dex: 11    Spells: 4/20 levels left

rFire   . . .        c - +4 hand axe
rCold   . . .        (no shield)
rNeg    . . .        (body armour unavailable)
rPois   +            (helmet currently unavailable)
rElec   .            n - melded +1 cloak
rCorr   .            d - melded +0 pair of gloves
SInv    .            (boots currently unavailable)
Will    .....        (no amulet) Stlth
                     m - ring of poison resistance
HPRegen 0.43/turn    r - +6 ring of intelligence
MPRegen 0.16/turn

%: no passive effects
@: berserking (expiring), tree-form, very quick
A: stationary, stasis, torment immunity, boosted hp, (breathe frost), AC +7,
unfitting armour, (cold resistance 1), (cold-blooded), (talons 1)
a: Renounce Religion


You were on level 7 of the Dungeon.
You worshipped Vehumet.
Vehumet was aware of your devotion.
You were a tree.
You visited 2 branches of the dungeon, and saw 8 of its levels.

You collected 395 gold pieces.

Inventory:

Hand Weapons
 c - a +4 hand axe (weapon)
 A - a +3 mace of freezing
Missiles
 q - 5 boomerangs (quivered)
 s - a throwing net
 t - 5 javelins
Armour
 d - a +0 pair of gloves (melded)
 n - a +1 cloak (melded)
Jewellery
 i - a ring of fire
 m - a ring of poison resistance (left branch)
 r - a +6 ring of intelligence (right branch)
 u - a ring of ice
 y - a ring of flight
Wands
 x - a wand of flame (21)
Scrolls
 b - 2 scrolls of butterflies
 e - 2 scrolls of teleportation
 f - a scroll of amnesia
 g - a scroll of silence
 h - a scroll of immolation
 v - a scroll of fear {unknown}
 w - a scroll of revelation {unknown}
Potions
 a - a potion of enlightenment
 l - a potion of brilliance
 o - a potion of mutation


   Skills:
 + Level 5.0 Axes
 + Level 4.0 Dodging
 + Level 4.2 Stealth
 + Level 6.2 Spellcasting
 - Level 5.0 Conjurations
 + Level 3.5 Summonings
 + Level 8.4 Air Magic


You had 4 spell levels left.
You knew the following spells:

 Your Spells              Type           Power      Damage    Failure   Level
a - Shock                 Conj/Air       100%       1d9       1%          1
b - Static Discharge      Conj/Air       82%        3-7/arc   1%          2
c - Swiftness             Air            49%        N/A       1%          3
d - Airstrike             Air            24%        2d(4-20)  2%          4
e - Summon Lightning Spi  Summ/Air       37%        N/A       6%          4
f - Blink                 Tloc           14%        N/A       11%         2

Your spell library contained the following spells:

 Spells                   Type           Power      Damage    Failure   Level
 Freeze                   Ice            28%        1d5       8%          1
 Momentum Strike          Conj/Tloc      40%        3d9       3%          2
 Ensorcelled Hibernation  Hex/Ice        14%        N/A       11%         2
 Lesser Beckoning         Tloc           14%        N/A       11%         2
 Passwall                 Erth           7%         N/A       22%         3


Dungeon Overview and Level Annotations

Branches:
Dungeon (7/15)             Temple (1/1) D:4

Altars:
Ashenzari
Cheibriados
Dithmenos
Elyvilon
Fedhas
Gozag
Hepliaklqana
Kikubaaqudgha
Makhleb
Nemelex Xobeh
Okawaru
Qazlal
Ru
Trog
Uskayaw
Vehumet
Wu Jian
Xom
Yredelemnul
Zin
The Shining One

Shops:
D:2 (


Innate Abilities, Weirdness & Mutations

You are a tree.
Your roots penetrate the ground, keeping you stationary.
You cannot be teleported.
You are immune to unholy pain and torment.
Your maximum health is greatly increased.
Your equipment is partially melded.
((You can breathe waves of freezing cold which knock back foes.))
((Your icy white scales are hard. (AC +7)))
You cannot fit into any form of body armour.
((Your flesh is cold resistant. (rC+)))
((You are cold-blooded and may be slowed by cold attacks.))
((You have sharp toenails.))


Message History

The manticore claws you but does no damage. x2
The gargoyle hits you but does no damage.
It was a potion of berserk rage.
A red film seems to cover your vision as you go berserk!
You feel yourself moving faster!
You feel mighty! The manticore bites you. The manticore claws you.
The manticore claws you!
The gargoyle hits you with a +2 flail of protection.
* * * LOW HITPOINT WARNING * * *
The cyclops hits you but does no damage.
You slash the cyclops!
The cyclops is almost dead.
You barely miss the manticore. You hit the gargoyle but do no damage.
The manticore bites you!
* * * LOW HITPOINT WARNING * * *
The manticore claws you but does no damage. x2
The gargoyle hits you but does no damage.
You slash the cyclops!
You kill the cyclops!
Vehumet accepts your kill.
You barely miss the gargoyle. You hit the manticore.
Your Axes skill increases to level 5!
Your Dodging skill increases to level 4!
You hit the gargoyle but do no damage.
The gargoyle is lightly damaged.
You hit the manticore.
The gargoyle hits you with a +2 flail of protection.
* * * LOW HITPOINT WARNING * * *
The manticore bites you but does no damage.
The manticore completely misses you.
The manticore claws you but does no damage.
You hit the gargoyle but do no damage.
The gargoyle is lightly damaged.
You hit the manticore.
The gargoyle hits you but does no damage.
The manticore bites you!
* * * LOW HITPOINT WARNING * * *
The manticore claws you.
* * * LOW HITPOINT WARNING * * *
The manticore claws you!
You die...

#8....~..#.# #.. #.###..
###8....8#.# #.. # #...#
..###8...#.## ' #..# #...#..
#...###8.#.... ..#. #....##..
###...#####.$b## ####
..#...#.. ###...##....b. ..#
#........ ###..#..#.#?#..#
#.######. ##.##..#.#bH#
#.#...... #..#...#9♣.#
#.##### ##.##.#.#.##. ..$
#.... ##.#..#..#.. #.# #.###
#.##...##.# #.# #.###
#..#...#..# #.# # #....
####### ##.##.##..#
#.###>##### #.....##
#..#.#...####........##
..###..#
##.#.#.#.......#####..# .##
##.#####..#..................


You could see a manticore and a gargoyle (ally target).

Vanquished Creatures
  A two-headed ogre (D:7)
  A cyclops (D:7)
  A hornet (D:7)
  An orc warrior (D:4)
  2 ice beasts
  A sky beast (D:6)
  A black bear (D:5)
  An ogre (D:7)
  A phantom (D:4)
  Blork the orc (D:4)
  4 bullfrogs
  A scorpion (D:6)
  6 wights
  2 bombardier beetles
  5 hounds
  A gnoll bouda (D:6)
  2 orc priests
  3 jellies
  6 iguanas
  2 orc wizards
  11 gnolls
  9 adders
  A shadow imp (D:6)
  2 ufetubi (D:7)
  4 dart slugs
  A ribbon worm (D:2)
  19 orcs
  4 ball pythons
  10 bats
  6 endoplasms
  3 giant cockroaches
  5 goblins
  7 hobgoblins
  5 jackals
  4 kobolds
  3 quokkas
  4 frilled lizards
  5 rats
146 creatures vanquished.

Vanquished Creatures (collateral kills)
  A black bear (D:7)
  A bullfrog (D:7)
  A wight (D:7)
  An orc wizard (D:7)
4 creatures vanquished.

Grand Total: 150 creatures vanquished

Notes
Turn   | Place    | Note
-------+----------+-------------------------------------------
     0 | D:1      | booth the Draconian Air Elementalist began the quest for
                  | the Orb.
     0 | D:1      | Reached XP level 1. HP: 14/14 MP: 3/3
   543 | D:1      | Reached XP level 2. HP: 19/20 MP: 0/5
   678 | D:1      | Learned a level 2 spell: Static Discharge
  1366 | D:2      | Found Nosoumes's Weapon Boutique.
  1438 | D:2      | Reached XP level 3. HP: 22/26 MP: 0/6
  1497 | D:2      | Learned a level 3 spell: Swiftness
  2077 | D:2      | Reached skill level 4 in Air Magic
  2414 | D:2      | Reached XP level 4. HP: 28/33 MP: 1/7
  3210 | D:3      | Reached skill level 1 in Axes
  3268 | D:3      | Found an ancient bone altar of Kikubaaqudgha.
  3273 | D:3      | Found a shimmering altar of Xom.
  3375 | D:3      | Reached XP level 5. HP: 32/38 MP: 6/9
  3968 | D:4      | Learned a level 4 spell: Airstrike
  4177 | D:4      | You fall into a shaft and drop 2 floors!
  4184 | D:6      | Found an opulent altar of Gozag.
  4304 | D:5      | Entered Level 5 of the Dungeon
  4606 | D:4      | Found a staircase to the Ecumenical Temple.
  4637 | D:4      | Reached skill level 5 in Air Magic
  4637 | D:4      | Reached XP level 6. HP: 45/45 MP: 5/10
  4999 | D:4      | Noticed an orc warrior
  5022 | D:4      | HP: 2/45 [orc warrior/+0 mace (5)]
  5025 | D:4      | Killed an orc warrior
  5189 | Temple   | Entered the Ecumenical Temple
  5212 | Temple   | Became a worshipper of Vehumet
  5281 | D:4      | Noticed Blork the orc
  5288 | D:4      | Killed Blork the orc
  5289 | D:4      | Your scales start taking on an icy white colour.
  5289 | D:4      | Reached XP level 7. HP: 47/50 MP: 4/12
  5289 | D:4      | Gained mutation: Your flesh is cold resistant. (rC+) [White
                  | Draconian growth]
  5423 | D:4      | Reached skill level 6 in Air Magic
  7119 | D:5      | Found a glowing golden altar of the Shining One.
  7151 | D:5      | Reached skill level 7 in Air Magic
  7258 | D:5      | Reached XP level 8. HP: 22/57 MP: 14/14
  8044 | D:6      | Reached skill level 5 in Conjurations
  8047 | D:6      | Reached skill level 5 in Spellcasting
  8166 | D:6      | Reached * piety under Vehumet
  8166 | D:6      | Offered knowledge of Freeze by Vehumet.
  8172 | D:6      | Learned a level 4 spell: Summon Lightning Spire
  8460 | D:6      | Reached skill level 1 in Summonings
  8695 | D:6      | Learned a level 2 spell: Blink
  8913 | D:7      | Noticed a two-headed ogre
  8924 | D:7      | Killed a two-headed ogre
  8925 | D:7      | Reached XP level 9. HP: 57/62 MP: 0/17
  9088 | D:7      | Gained mutation: You are weak. (Str -2) [potion of
                  | mutation]
  9088 | D:7      | Gained mutation: You have sharp toenails. [potion of
                  | mutation]
  9088 | D:7      | Lost mutation: You are weak. (Str -2) [potion of mutation]
  9210 | D:7      | Reached skill level 8 in Air Magic
  9322 | D:7      | Found a shadowy altar of Dithmenos.
  9942 | D:7      | Noticed a manticore
  9945 | D:7      | Noticed a cyclops
  9947 | D:7      | Noticed a gargoyle
  9974 | D:7      | Killed a cyclops
  9975 | D:7      | Reached skill level 5 in Axes
  9976 | D:7      | HP: 4/139 [manticore (5)]
  9976 | D:7      | Slain by a manticore

Illustrated notes

Levels and vault maps discovered:
D:1:      saegor_arrival_fortress, layout_basic, serial_bayou,
          serial_bayou_lake_a, serial_bayou_shore_b, serial_bayou_pond_b,
          serial_bayou_lagoon_a
D:2:      layout_loops_corners, serial_shops, nicolae_shop_advertising_works
          [nicolae_subvault_shop_adworks], minmay_misc_feat_pillars,
          minmay_pentomino_v4
D:3:      layout_basic, mainiacjoe_overflow_big_doors
D:4:      layout_loops_corners, minmay_temple_entry_glass,
          kennysheep_big_empty_room, minmay_bent, uniq_blork_the_orc
D:5:      layout_cave_pods, mainiacjoe_overflow_cross_hatched
D:6:      layout_gridville, old_standard_altar
D:7:      minmay_the_grid_four_pointed_star
          [minmay_the_grid_triangle_9x9_dagger,
          minmay_the_grid_triangle_9x9_checkered,
          minmay_the_grid_triangle_9x9_limited_checkers,
          minmay_the_grid_triangle_9x9_shrine,
          minmay_the_grid_prize_shrinking_boxes], layout_basic,
          nicolae_dithmenos_through_a_glass_darkly, kennysheep_potato
Temple:   nicolae_temple_bog_church

Skill      XL: |  1  2  3  4  5  6  7  8  9 |
---------------+----------------------------+-----
Air Magic      | 4 5 7 8 |  8.4
Conjurations   | 2 3 4 5 |  5.0
Axes           | 1 4 5 |  5.0
Spellcasting   | 3 4 5 6 |  6.2
Dodging        | 2 4 |  4.0
Stealth        | 3 4 |  4.2
Summonings     | 2 3 |  3.5

Action                     |  1- 3 |  4- 6 |  7- 9 || total
---------------------------+-------+-------+-------++-------
  Melee: Dagger            |    26 |       |       ||    26
         Unarmed           |     4 |       |       ||     4
         Tailslap          |     9 |     6 |    14 ||    29
         Hand axe          |    33 |    81 |    91 ||   205
         Punch             |       |       |     2 ||     2
         Kick              |       |       |     5 ||     5
  Throw: Boomerang         |       |     3 |       ||     3
   Cast: Shock             |    52 |    63 |   107 ||   222
         Static Discharge  |     3 |     7 |     8 ||    18
         Swiftness         |       |     1 |       ||     1
         Airstrike         |       |     7 |    41 ||    48
         Summon Lightning  |       |       |     1 ||     1
Ability: Breathe Frost     |       |       |     1 ||     1
    Use: Scroll            |     1 |     6 |     6 ||    13
         Potion            |     1 |     4 |     5 ||    10
   Stab: Distracted        |       |     1 |       ||     1
 Armour: Skin              |    54 |   100 |   136 ||   290
  Dodge: Dodged            |    50 |    56 |    92 ||   198
